 Dungeon Crawl Stone Soup version 0.27-a0-1595-g0b823d0a13 (webtiles) character file.

Game seed: 9579754586930841692

58 Froggeryz the Sneak (level 4, 0/29 HPs)
             Began as an Octopode Brigand on July 20, 2021.
             Slain by a phantom (8 damage)
             ... on level 5 of the Dungeon.
             The game lasted 00:02:12 (1929 turns).

Froggeryz the Sneak (Octopode Brigand)              Turns: 1929, Time: 00:02:13

Health: 0/29       AC:  1    Str: 10    XL:     4   Next: 2%
Magic:  0/4        EV: 12    Int: 13    God:
Gold:   131        SH:  0    Dex: 14    Spells: 3/3 levels left

rFire    . . .     SeeInvis .   l - +1 short sword (venom)
rCold    . . .     Faith    .   (no shield)
rNeg     . . .     Spirit   +   (helmet restricted)
rPois    .         Reflect  .   g - amulet of guardian spirit
rElec    .         Harm     .   h - ring of resist corrosion
rCorr    +         Rampage  .   (no ring)
Will     .....                  (no ring)
Stlth    ++++......             (no ring)
HPRegen  0.09/turn              (no ring)
MPRegen  0.09/turn              (no ring)
                                (no ring)
                                (no ring)

@: no status effects
A: almost no armour, amphibious, 8 rings, camouflage 1, gelatinous body 1,
(nimble swimmer 1), tentacles
a: no special abilities


You were on level 5 of the Dungeon.
You visited 1 branch of the dungeon, and saw 5 of its levels.

You collected 131 gold pieces.

Inventory:

Hand Weapons
 a - a +2 dagger
 l - a +1 short sword of venom (weapon)
Missiles
 b - 34 poisoned darts (quivered)
 c - 2 curare-tipped darts
 j - 3 javelins
 q - 8 boomerangs
Jewellery
 g - an amulet of guardian spirit (around mantle)
 h - a ring of resist corrosion (left tentacle)
 p - an amulet of faith
Scrolls
 d - 3 scrolls of identify {unknown}
 f - a scroll of torment {unknown}
 i - a scroll of enchant weapon {unknown}
 n - a scroll of magic mapping {unknown}
 o - a scroll of acquirement {unknown}
Potions
 e - a potion of haste {unknown}
 k - a potion of flight {unknown}
 m - a potion of curing {unknown}


   Skills:
 - Level 2.0 Fighting
 * Level 3.7 Short Blades
 + Level 2.7 Throwing
 - Level 1.0 Dodging
 - Level 5.3 Stealth


You had 3 spell levels left.
You didn't know any spells.
Your spell library contained the following spells:

 Spells                   Type           Power      Damage    Failure   Level
 Shock                    Conj/Air       0%         1d3       30%         1
 Ignite Poison            Fire/Tmut/Pois 0%         N/A       67%         3
 Mephitic Cloud           Conj/Pois/Air  0%         N/A       67%         3
 Swiftness                Air            0%         N/A       67%         3
 Tukima's Dance           Hex            0%         N/A       67%         3
 Airstrike                Air            0%         N/A       97%         4
 Passage of Golubria      Tloc           N/A        N/A       97%         4
 Bolt of Magma            Conj/Fire/Erth 0%         4d4       100%        5
 Yara's Violent Unravell  Hex/Tmut       0%         3d3       100%        5


Dungeon Overview and Level Annotations

Branches:
Dungeon (6/15)
 Temple: D:4-7

Altars:

Shops:
D:6 (


Innate Abilities, Weirdness & Mutations

You cannot wear most types of armour.
You are amphibious.
You can wear up to eight rings at the same time.
Your skin changes colour to match your surroundings (Stealth+).
Your rubbery body absorbs attacks. (AC +1, EV +1)
((You are camouflaged near water. (Stealth+)))
You have tentacles for arms and can constrict up to eight enemies at once.


Message History

You have reached level 4!
Found 17 gold pieces.
You start resting.
HP restored.
Found 13 gold pieces.
You now have 118 gold pieces (gained 17).
Found 8 boomerangs.
You now have 131 gold pieces (gained 13).
Found Great Wizards, Vol.
VII.
Found a stone staircase leading up.
q - 8 boomerangs You pick up Great Wizards, Vol.
VII and begin reading...
You add the spells Tukima's Dance, Passage of Golubria and Yara's Violent Unravelling to your library.
There is a stone staircase leading up here.
You climb upwards.
There is a stone staircase leading down here.
The helpless phantom fails to defend itself.
You puncture the phantom!
The phantom is heavily damaged.
You closely miss the phantom. Your squeeze misses the phantom.
The phantom is heavily damaged.
The phantom hits you.
You hit the phantom. Your squeeze misses the phantom.
The phantom is severely damaged.
The phantom barely misses you.
You hit the phantom. Your squeeze misses the phantom.
The phantom is almost destroyed.
The phantom hits you.
You closely miss the phantom. You squeeze the phantom.
The phantom is almost destroyed.
The phantom hits you.
The phantom blinks!
You blink.
The phantom hits you.
The phantom blinks!
You blink.
You miss the phantom.
The phantom is almost destroyed.
The phantom hits you!
* * * LOW HITPOINT WARNING * * *
The phantom blinks!
You blink.
You closely miss the phantom. Your squeeze misses the phantom.
The phantom is almost destroyed.
The phantom hits you!
You die...

... ##.. ...
.. ###.#
####.#.#
###...§§.#
###........#
##..W@......#
#...........#
#....§......#
#####.§..>###
#######


You could see a phantom.

Vanquished Creatures
  An ufetubus (D:6)
  7 endoplasms
  A giant cockroach (D:2)
  4 goblins
  A hobgoblin (D:1)
  5 jackals
  6 kobolds
  2 quokkas (D:2)
  3 ball pythons (D:1)
  6 bats
  10 frilled lizards (D:2)
  5 rats
51 creatures vanquished.

Vanquished Creatures (others)
  4 plants
4 creatures vanquished.

Grand Total: 55 creatures vanquished

Notes
Turn   | Place    | Note
-------+----------+-------------------------------------------
     0 | D:1      | Froggeryz the Octopode Brigand began the quest for the Orb.
     0 | D:1      | Reached XP level 1. HP: 14/14 MP: 1/1
   137 | D:1      | Reached XP level 2. HP: 19/19 MP: 2/2
   668 | D:1      | Reached XP level 3. HP: 24/24 MP: 3/3
   716 | D:1      | Found a faded altar of an unknown god.
  1719 | D:3      | You fall into a shaft and drop 3 floors!
  1734 | D:6      | Noticed an orc warrior
  1767 | D:6      | Found Haenis's Antique Weapon Shop.
  1781 | D:6      | Reached XP level 4. HP: 19/29 MP: 4/4
  1917 | D:5      | Entered Level 5 of the Dungeon
  1917 | D:5      | Noticed a phantom
  1929 | D:5      | Slain by a phantom

Illustrated notes

Levels and vault maps discovered:
D:1:      onia_arrival_pentagram, layout_rooms,
          ebering_ecumenical_altar_sacrificial, dk_noncrumbling_2
D:2:      layout_rooms, minmay_lizard_king
D:3:      layout_loops_ring, serial_shops, shop, portal_sewer_entry_d
D:5:      minmay_evil_eye, layout_cave_pods, grunt_temple_overflow_open
D:6:      layout_loops_ring, serial_shops, nicolae_shop_overgrown_old_shop,
          minmay_misc_feat_cross, guppyfry_shop_venom

Skill      XL: |  1  2 |
---------------+-------+-----
Short Blades   | 3 |  3.7
Fighting       | |  2.0
Throwing       | |  2.7
Dodging        | |  1.0
Stealth        | |  5.3

Action                   |  1- 3 |  4- 6 || total
-------------------------+-------+-------++-------
Melee: Dagger            |    82 |       ||    82
       Constrict         |     9 |       ||     9
       Tentacles         |    11 |     1 ||    12
       Short sword       |     6 |     7 ||    13
 Stab: Sleeping          |    14 |     1 ||    15
Armor: Skin              |     5 |       ||     5
Dodge: Dodged            |    42 |     1 ||    43

Table legend: (Time is in decaauts)
 A = Elapsed time spent in this place.
 B = Non-inter-level travel time spent in this place.
 C = Inter-level travel time spent in this place.
 D = Time resting spent in this place.
 E = Time spent auto-exploring this place.
 F = Levels seen in this place.
 G = Mean time per level.
                   A        B        C        D        E       F      G
               +--------+--------+--------+--------+--------+-----+--------+
         Total |   1913 |   1896 |     17 |    382 |   1147 |   5 |  382.6 |
       Dungeon |   1913 |   1896 |     17 |    382 |   1147 |   5 |  382.6 |
               +--------+--------+--------+--------+--------+-----+--------+

Top non-repeatable levels by time:
     D:1: 847 daAuts
     D:2: 776 daAuts
     D:6: 197 daAuts
     D:3: 80 daAuts
     D:5: 11 daAuts
